 Dungeon Crawl Stone Soup version 0.30-a0-576-g89cddaab80 (webtiles) character file.

Game seed: 2808875466296072772

23727 M4edhros the Transmogrifier (level 13, 0/105 HPs)
             Began as an Octopode Artificer on Dec 30, 2022.
             Killed from afar by an electric eel (2 damage)
             ... with a bolt of electricity
             ... on level 1 of the Lair of Beasts on Dec 31, 2022.
             The game lasted 00:59:39 (8901 turns).

M4edhros the Transmogrifier (Octopode Artificer)    Turns: 8901, Time: 00:59:40

Health: 0/105      AC: 25    Str: 17    XL:     13   Next: 8%
Magic:  7/24       EV: 14    Int: 33    God:
Gold:   426        SH:  6    Dex: 16    Spells: 3/26 levels left

rFire   + + .      SeeInvis .      - Unarmed
rCold   . . .      Faith    .    d - +0 buckler
rNeg    + . .      Spirit   .    (helmet restricted)
rPois   ∞          Reflect  .    i - amulet of regeneration
rElec   +          Harm     .    a - ring "Daecymar" {Str+6 Int+6}
rCorr   .          Rampage  .    t - +6 ring of intelligence
Will    .....                    x - ring of wizardry
Stlth   ++++                     E - ring of protection from fire
HPRegen 1.17/turn                G - +6 ring of intelligence
MPRegen 0.19/turn                j - ring of flight
                                 n - ring of protection from fire
                                 (no ring)

@: lethally poisoned (0 -> 0), statue-form, flying, slightly contaminated, very
slow
A: slow and powerful, torment resistance 1, boosted hp, almost no armour,
amphibious, 8 rings, camouflage 1, (gelatinous body 1), (nimble swimmer 1),
tentacles
a: End Transformation


You were on level 1 of the Lair of Beasts.
You were a living statue of rough stone.
You visited 4 branches of the dungeon, and saw 17 of its levels.

You collected 942 gold pieces.
You spent 516 gold pieces at shops.

Inventory:

Hand Weapons
 k - a +2 rapier of holy wrath
 H - the +0 falchion of Fortitude {heavy, *Slow rElec rF++ rC+}
   (You found it on level 5 of the Dungeon)

   It deals dramatically more damage, but attacks with it are much slower.
   rF:        It greatly protects you from fire.
   rC:        It protects you from cold.
   rElec:     It insulates you from electricity.
   *Slow:     It may slow you when you take damage.
Missiles
 f - 9 javelins (quivered)
 u - 2 atropa-tipped darts
 w - 3 throwing nets
 D - 17 poisoned darts
Armour
 d - a +0 buckler (worn)
 m - a +2 kite shield
Jewellery
 a - the ring "Daecymar" (left tentacle) {Str+6 Int+6}
   (You acquired it on level 3 of the Dungeon)

   [ring of strength]

   Str:       It affects your strength (+6).
   Int:       It affects your intelligence (+6).
 i - an amulet of regeneration (around mantle)
 j - a ring of flight (on tentacle)
 n - a ring of protection from fire (on tentacle)
 t - a +6 ring of intelligence (right tentacle)
 v - an amulet of magic regeneration
 x - a ring of wizardry (on tentacle)
 E - a ring of protection from fire (on tentacle)
 G - a +6 ring of intelligence (on tentacle)
Scrolls
 c - 2 scrolls of fog {unknown}
 g - a scroll of noise {unknown}
 o - a scroll of silence
 p - a scroll of blinking {unknown}
 s - 2 scrolls of teleportation
 C - 2 scrolls of vulnerability
Potions
 b - a potion of invisibility
 e - a potion of resistance
 h - a potion of berserk rage
 l - a potion of might
 q - 4 potions of attraction
 r - 2 potions of cancellation
 A - a potion of flight
 F - 3 potions of lignification


   Skills:
 - Level 5.2 Fighting
 - Level 5.9 Dodging
 - Level 4.7 Stealth
 + Level 8.3 Shields
 - Level 7.6 Unarmed Combat
 - Level 7.3 Spellcasting
 - Level 5.9 Conjurations
 - Level 5.5 Hexes
 * Level 11.0 Transmutations
 - Level 1.7 Ice Magic
 - Level 1.5 Air Magic
 - Level 3.0 Poison Magic
 - Level 4.7 Evocations


You had 3 spell levels left.
You knew the following spells:

 Your Spells              Type           Power      Damage    Failure   Level
a - Fulminant Prism       Conj/Hex       25%        3d14      1%          4
b - Spider Form           Tmut/Pois      55%        N/A       1%          3
c - Blade Hands           Tmut           35%        N/A       1%          5
d - Freezing Cloud        Conj/Ice/Air   16%        6-21      14%         5
e - Statue Form           Tmut/Erth      32%        N/A       28%         6

Your spell library contained the following spells:

 Spells                   Type           Power      Damage    Failure   Level
 Apportation              Tloc           24%        N/A       1%          1
 Ensorcelled Hibernation  Hex/Ice        72%        N/A       1%          2
 Momentum Strike          Conj/Tloc      62%        3d9       1%          2
 Ignite Poison            Fire/Tmut/Pois 43%        N/A       1%          3
 Inner Flame              Hex/Fire       30%        N/A       1%          3
 Portal Projectile        Hex/Tloc       60%        N/A       1%          3
 Stone Arrow              Conj/Erth      62%        3d10      1%          3
 Tukima's Dance           Hex            48%        N/A       1%          3
 Blink                    Tloc           24%        N/A       2%          2
 Kindle Blastsparks       Fire/Tloc/Air  30%        2d12      4%          3
 Lesser Beckoning         Tloc           24%        N/A       6%          3
 Petrify                  Tmut/Erth      48%        N/A       1%          4
 Alistair's Intoxication  Tmut/Pois      36%        N/A       2%          5
 Anguish                  Hex/Necr       15%        N/A       6%          4
 Flame Wave               Conj/Fire      31%        2d9       6%          4
 Iskenderun's Mystic Bla  Conj/Tloc      31%        2d8       6%          4
 Sticky Flame             Conj/Fire      31%        2d5       6%          4
 Metabolic Englaciation   Hex/Ice        18%        N/A       12%         5
 Lee's Rapid Deconstruct  Erth           6%         3d6*      43%         5
 Lehudib's Crystal Spear  Conj/Erth      15%        10d5      100%        8
 Animate Armour           Summ/Erth      Unusable   N/A       N/A         4

Dungeon Overview and Level Annotations

Branches:
Dungeon (13/15)            Temple (1/1) D:5            Lair (1/5) D:8
    Orc (2/2) D:10            Elf (0/3) Orc:2        Vaults (0/5) D:13

Altars:
Ashenzari
Dithmenos
Fedhas
Gozag
Hepliaklqana
Kikubaaqudgha
Makhleb
Nemelex Xobeh
Okawaru
Qazlal
Ru
Sif Muna
Trog
Uskayaw
Vehumet
Xom
Yredelemnul
Zin
The Shining One

Shops:
D:7 ?   D:11 ![   Orc:2 *([?

Annotations:
D:7 2 transporters, M4edhros's ghost, novice OpAr
D:8 3 runed translucent doors, nujazz's ghost, novice KoBr
D:10 Erolcha
D:12 exclusion: 2 doors


Innate Abilities, Weirdness & Mutations

You are a living statue of rough stone.
Your actions are slow, but your melee attacks are powerful.
You are resistant to unholy torment.
Your maximum health is greatly increased.
You are immune to poison.
You cannot wear most types of armour.
You are amphibious.
You can wear up to eight rings at the same time.
Your skin changes colour to match your surroundings (Stealth+).
((Your rubbery body absorbs attacks. (AC +1, EV +1)))
((You are camouflaged when in or above water. (Stealth+)))
You have tentacles for arms and can constrict up to eight enemies at once.


Message History

You miscast Statue Form.
You are very lightly contaminated with residual magic.
Rocks fall onto you out of nowhere. The cane toad closely misses you.
The electric eel shoots out a bolt of lightning at you!
The bolt of electricity hits you!
Casting: Statue Form (quite dangerous; 28% risk of failure)
Confirm with . or Enter, or press ? or * to list all spells.
The spell is quite dangerous to miscast (28% risk of failure)!
Continue anyway?
You miscast Statue Form.
Your body is flooded with distortional energies.
You are lightly contaminated with residual magic.
You block the cane toad's attack.
The electric eel shoots out a bolt of lightning at you!
The bolt of electricity hits you! The cane toad stings you!!
* * * LOW HITPOINT WARNING * * *
You are lethally poisoned!
The cane toad poisons you!
Okay, then.
Okay, then.
Casting: Statue Form (quite dangerous; 28% risk of failure)
Confirm with . or Enter, or press ? or * to list all spells.
The spell is quite dangerous to miscast (28% risk of failure)!
Continue anyway?
You turn into a living statue of rough stone.
The electric eel shoots out a bolt of lightning at you!
The bolt of electricity hits the electric eel.
The electric eel completely resists.
The bolt of electricity hits you but does no damage.
The cane toad closely misses you.
Okay, then.
The cane toad barely misses you.
The electric eel shoots out a bolt of lightning at you!
The bolt of electricity hits the electric eel.
The electric eel completely resists.
The bolt of electricity hits you. You resist.
* * * LOW HITPOINT WARNING * * *
The electric eel shoots out a bolt of lightning at you!
The bolt of electricity hits the electric eel.
The electric eel completely resists.
The bolt of electricity hits you. You resist.
You die...

## .. ..... ..
..#....##
###.##...#.>.#
#...~......[. .
.$~~~~~........
.~~~≈~≈~..#....
.~≈≈~~~........
.~≈≈≈S.8F....#
.~S≈≈~......##
.~~≈~≈~...#...#
..~~~≈~~..# ..#
...~~≈~~... .
....≈~....#.
........#####
........#


You could see a cane toad and 2 electric eels.

Vanquished Creatures
  An ettin (Orc:2)
  4 vault guards (D:13)
  A boulder beetle (D:12)
  Erica (D:8)
  2 two-headed ogres
  A tengu warrior (D:13)
  8 orc high priests (Orc:2)
  Pikel (D:7)
  An orc sorcerer (Orc:2)
  An orc knight (Orc:2)
  2 deep elf pyromancers (D:13)
  A wolf spider (D:13)
  2 cyclopes
  2 ugly things (D:13)
  A gargoyle (D:11)
  Psyche (D:8)
  2 trolls
  A hornet (D:8)
  Sigmund (D:2)
  A vampire (D:12)
  A shadow (D:10)
  A yak (D:7)
  A wyvern (D:9)
  A steam dragon (D:7)
  A vampire mosquito (D:13)
  6 wargs (Orc:2)
  Menkaure (D:7)
  An acid dragon (D:8)
  14 orc warriors
  A swamp drake (D:10)
  3 black bears
  4 ogres
  8 centaurs
  A phantom (D:5)
  2 lemures (D:7)
  A kobold brigand (D:10)
  6 bullfrogs
  3 scorpions
  4 wights (D:8)
  10 killer bees
  3 howler monkeys (D:12)
  2 hounds
  A jelly (D:7)
  31 orc priests
  Crazy Yiuf (D:2)
  Jessica (D:2)
  A gnoll bouda (D:7)
  2 iguanas
  18 orc wizards
  11 gnolls
  7 adders
  A white imp (D:5)
  An ufetubus (D:5)
  A worm (D:5)
  3 dart slugs
  79 orcs
  8 endoplasms
  3 giant cockroaches
  5 goblins
  5 hobgoblins
  6 jackals
  12 kobolds
  8 ball pythons
  10 bats
  6 frilled lizards
  6 rats
337 creatures vanquished.

Vanquished Creatures (collateral kills)
  A wight (D:8)
  4 killer bees
  An orc priest (D:7)
  2 orcs
8 creatures vanquished.

Vanquished Creatures (others)
  Joseph (D:7)
  A black bear (D:8)
  2 centaurs (D:8)
  A killer bee (D:7)
  46 fulminant prisms
  20 fungi (D:8)
  16 plants (D:8)
  5 toadstools (D:1)
92 creatures vanquished.

Grand Total: 437 creatures vanquished

Notes
Turn   | Place    | Note
-------+----------+-------------------------------------------
     0 | D:1      | M4edhros the Octopode Artificer began the quest for the
                  | Orb.
     0 | D:1      | Reached XP level 1. HP: 13/13 MP: 1/1
   202 | D:2      | Reached XP level 2. HP: 14/18 MP: 2/2
   210 | D:2      | Reached skill level 1 in Unarmed Combat
   431 | D:2      | Noticed Jessica
   436 | D:2      | Killed Jessica
   437 | D:2      | Reached XP level 3. HP: 23/23 MP: 3/3
   462 | D:3      | 461 regen amu
   525 | D:3      | Identified a scroll of acquirement
   525 | D:3      | Acquired the ring "Daecymar" {Str+6 Int+6}
   531 | D:3      | acqu scroll
   769 | D:5      | Entered Level 5 of the Dungeon
   790 | D:5      | Reached XP level 4. HP: 11/29 MP: 4/4
   825 | D:5      | Found a shimmering altar of Xom.
   885 | D:6      | Noticed a bullfrog
   891 | D:6      | Killed a bullfrog
   892 | D:6      | Reached XP level 5. HP: 25/34 MP: 5/5
   929 | D:6      | Learned a level 4 spell: Fulminant Prism
  1019 | D:7      | Noticed a black bear
  1030 | D:7      | Found a transporter.
  1060 | D:6      | Found a broken altar of Ashenzari.
  1087 | D:5      | Noticed a phantom
  1246 | D:7      | Noticed a lemure
  1247 | D:7      | Noticed a lemure
  1260 | D:7      | Noticed a lemure
  1279 | D:7      | Killed a lemure
  1284 | D:7      | Killed a lemure
  1293 | D:7      | Reached skill level 1 in Conjurations
  1293 | D:7      | Reached skill level 1 in Hexes
  1293 | D:7      | Reached XP level 6. HP: 27/39 MP: 6/6
  1316 | D:7      | Killed a black bear
  1359 | D:7      | Noticed Joseph
  1361 | D:7      | Reached XP level 7. HP: 45/45 MP: 7/7
  1374 | D:7      | Your ally Joseph died
  1458 | D:7      | Found Anwu's Magic Scroll Emporium.
  1465 | D:7      | Bought a scroll of fear for 56 gold pieces
  1465 | D:7      | Bought a scroll of identify for 28 gold pieces
  1545 | D:7      | Noticed Menkaure
  1549 | D:7      | Killed Menkaure
  1550 | D:7      | Reached XP level 8. HP: 42/52 MP: 8/8
  1584 | D:7      | Found a stormy altar of Qazlal.
  1613 | D:7      | Noticed a hornet
  1614 | D:7      | Noticed M4edhros's ghost (novice OpAr)
  1619 | D:7      | Found a transporter.
  1848 | D:5      | Learned a level 3 spell: Spider Form
  1879 | D:5      | Found a hazy altar of Hepliaklqana.
  1929 | D:5      | You fall into a shaft and drop 1 floor!
  2117 | D:5      | Reached skill level 1 in Transmutations
  2117 | D:5      | Reached skill level 1 in Poison Magic
  2267 | D:4      | Found a sparkling altar of Nemelex Xobeh.
  3031 | D:5      | Found a staircase to the Ecumenical Temple.
  3038 | Temple   | Entered the Ecumenical Temple
  3374 | D:2      | Found a runed translucent door.
  3375 | D:2      | Noticed Crazy Yiuf
  3384 | D:2      | Killed Crazy Yiuf
  3385 | D:2      | Reached skill level 2 in Transmutations
  4174 | D:2      | Noticed Sigmund
  4179 | D:2      | Killed Sigmund
  4180 | D:2      | Reached skill level 5 in Unarmed Combat
  4180 | D:2      | Reached XP level 9. HP: 45/57 MP: 9/9
  4801 | D:5      | Identified the +0 falchion of Fortitude {heavy, *Slow rElec
                  | rF++ rC+}
  5126 | D:7      | Noticed Pikel
  5130 | D:7      | Killed Pikel
  5131 | D:7      | Reached skill level 1 in Spellcasting
  5492 | D:8      | Found a runed translucent gate.
  5514 | D:8      | Found a runed translucent gate.
  5514 | D:8      | Found a runed translucent gate.
  5514 | D:8      | Found an opulent altar of Gozag.
  5584 | D:8      | Noticed a hornet
  5608 | D:8      | Killed a hornet
  5609 | D:8      | Reached skill level 5 in Dodging
  5646 | D:8      | Noticed Psyche
  5652 | D:8      | Killed Psyche
  5653 | D:8      | Reached skill level 5 in Conjurations
  5653 | D:8      | Reached skill level 5 in Hexes
  5653 | D:8      | Reached XP level 10. HP: 21/65 MP: 9/15
  5731 | D:8      | Found a staircase to the Lair.
  5869 | D:8      | Learned a level 5 spell: Blade Hands
  5944 | D:10     | Entered Level 10 of the Dungeon
  6315 | D:8      | Noticed Erica
  6358 | D:8      | Reached skill level 3 in Transmutations
  6372 | D:8      | Killed Erica
  6373 | D:8      | Reached skill level 5 in Fighting
  6505 | D:8      | Noticed nujazz's ghost (novice KoBr)
  6572 | D:11     | Found Taugix's Distillery.
  6575 | D:11     | Bought a potion of invisibility for 104 gold pieces
  6575 | D:11     | Bought a potion of lignification for 39 gold pieces
  6575 | D:11     | Bought 2 potions of lignification for 78 gold pieces
  6609 | D:10     | Noticed Erolcha
  6746 | D:10     | Found a staircase to the Orcish Mines.
  6762 | D:10     | Learned a level 5 spell: Freezing Cloud
  6852 | D:11     | Reached skill level 4 in Transmutations
  6910 | D:11     | Noticed a gargoyle
  6918 | D:11     | Killed a gargoyle
  6919 | D:11     | Reached skill level 5 in Spellcasting
  6919 | D:11     | Reached skill level 1 in Ice Magic
  6919 | D:11     | Reached skill level 1 in Air Magic
  6919 | D:11     | Reached XP level 11. HP: 72/72 MP: 12/18
  6971 | D:12     | Noticed a cyclops
  6980 | D:12     | Killed a cyclops
  7017 | D:12     | Identified the +10 quarterstaff of the Hero {heavy, Drain
                  | +Blink SInv Stlth+}
  7032 | D:12     | Noticed a wizard
  7079 | D:11     | Found Fiasuug's Armour Boutique.
  7092 | D:11     | Reached skill level 1 in Shields
  7107 | D:11     | Bought a +0 buckler for 63 gold pieces
  7269 | D:12     | Noticed a two-headed ogre
  7495 | D:13     | Noticed a purple ugly thing
  7499 | D:13     | Killed a purple ugly thing
  7510 | D:13     | Noticed a deep elf pyromancer
  7578 | D:12     | Reached skill level 5 in Transmutations
  7659 | D:12     | Noticed a boulder beetle
  7697 | D:12     | Killed a two-headed ogre
  7814 | D:12     | HP: 1/72 [boulder beetle (23)]
  7817 | D:12     | Killed a boulder beetle
  7864 | D:13     | Found a gate to the Vaults.
  7864 | D:13     | Noticed a deep elf pyromancer
  7864 | D:13     | Noticed a green ugly thing
  7864 | D:13     | Noticed a vault guard
  7864 | D:13     | Noticed a deep elf pyromancer
  7864 | D:13     | Noticed a vault guard
  7864 | D:13     | Noticed a vault guard
  7864 | D:13     | Noticed a wolf spider
  7864 | D:13     | Noticed a vault guard
  7864 | D:13     | Noticed a tengu warrior
  7864 | D:13     | Noticed a two-headed ogre
  7869 | D:13     | Killed a tengu warrior
  7870 | D:13     | Killed a two-headed ogre
  7871 | D:13     | Reached skill level 6 in Transmutations
  7874 | D:13     | Killed a vault guard
  7874 | D:13     | Killed a vault guard
  7876 | D:13     | Killed a deep elf pyromancer
  7877 | D:13     | Reached skill level 5 in Shields
  7878 | D:13     | Killed a vault guard
  7879 | D:13     | Reached XP level 12. HP: 77/77 MP: 11/22
  7885 | D:13     | Killed a vault guard
  7886 | D:13     | Reached skill level 7 in Transmutations
  7920 | D:13     | Learned a level 6 spell: Statue Form
  8036 | Lair:1   | Entered Level 1 of the Lair of Beasts
  8129 | Orc:1    | Entered Level 1 of the Orcish Mines
  8178 | Orc:2    | Entered Level 2 of the Orcish Mines
  8313 | Orc:2    | Reached skill level 8 in Transmutations
  8391 | Orc:2    | Found a staircase to the Elven Halls.
  8413 | Orc:2    | Noticed an ettin
  8421 | Orc:2    | Killed an ettin
  8518 | Orc:2    | Reached skill level 9 in Transmutations
  8522 | Orc:2    | Noticed an orc high priest
  8522 | Orc:2    | Noticed an orc high priest
  8533 | Orc:2    | Noticed a soul eater
  8533 | Orc:2    | Killed an orc high priest
  8537 | Orc:2    | Killed an orc high priest
  8563 | Orc:2    | Found Udae's Antique Armour Emporium.
  8563 | Orc:2    | Found Rufudghy's Magic Scroll Shop.
  8569 | Orc:2    | Bought a scroll of teleportation for 39 gold pieces
  8569 | Orc:2    | Bought a scroll of teleportation for 39 gold pieces
  8619 | Orc:2    | Noticed an orc high priest
  8620 | Orc:2    | Found Idoxih's General Store.
  8620 | Orc:2    | Found Somasof's Weapon Shop.
  8620 | Orc:2    | Noticed an orc high priest
  8620 | Orc:2    | Noticed an orc high priest
  8620 | Orc:2    | Noticed an orc high priest
  8626 | Orc:2    | Killed an orc high priest
  8627 | Orc:2    | Killed an orc high priest
  8628 | Orc:2    | Reached skill level 10 in Transmutations
  8641 | Orc:2    | Noticed an orc high priest
  8642 | Orc:2    | Killed an orc high priest
  8643 | Orc:2    | Killed an orc high priest
  8650 | Orc:2    | Killed an orc high priest
  8651 | Orc:2    | Reached XP level 13. HP: 27/81 MP: 3/24
  8688 | Orc:2    | Bought a potion of berserk rage for 70 gold pieces
  8758 | Orc:1    | Reached skill level 11 in Transmutations
  8899 | Lair:1   | HP: 1/81 [cane toad (24)]
  8901 | Lair:1   | Killed from afar by an electric eel

Illustrated notes # .# ..# [. #######.# #.......# #...@...# #<.##......? #.<# .#.##.# #..# .. .. #... ... #.# #.......# # #######.# .# Turn 462 on D:3: 461 regen amu

### #.. ######.##
#.......#
#.......#
#......@####.#
#.............#
#.......###.#.#
#.......#
#.......#
#.##.##.#
#.##.#..#
#K#####.....#.###
#..........###..


Turn 531 on D:3: acqu scroll

Levels and vault maps discovered:
D:1:      ldierk_walled_garden, layout_basic
D:2:      layout_loops_corners, uniq_jessica, uniq_sigmund,
          uniq_crazy_yiuf_cottage
D:3:      layout_loops_cross
D:4:      layout_loops_ring, nemelex_dance_club_becter
D:5:      layout_basic, mainiacjoe_overflow_chevrons, mainiacjoe_overflow_paths,
          minmay_temple_entry_enclosed_plants
D:6:      layout_rooms, overflow_temple_1_default, grunt_ministairs_14
D:7:      layout_basic, mainiacjoe_overflow_six_doors_small, serial_shops,
          nicolae_shop_advertising_works [nicolae_subvault_shop_adworks],
          gammafunk_ghost_hive, uniq_menkaure, uniq_joseph, uniq_pikel
D:8:      layout_basic, minitemple, grunt_lair_entry_orc_guard_hut,
          ebering_ghost_gozag, chequers_serial_rivers_micro_e, uniq_erica,
          uniq_psyche
D:9:      layout_loops_ring, serial_shops, nicolae_shop_statue_plus,
          special_room [special_room_bee], uniq_maggie, uniq_harold,
          uniq_prince_ribbit1
D:10:     layout_irregular_city, erik_orc_1, gammafunk_ghost_necromancy,
          kennysheep_small_spiral, uniq_erolcha
D:11:     dreamdust_labyrinth, layout_basic, serial_shops,
          nicolae_stop_n_shop_2, nicolae_shop_statue_plus
D:12:     layout_long_grid, corexii_leaking_fountain, nicolae_hexahallways
D:13:     layout_basic, lightli_vaults_fourway_checkpoint
Temple:   nicolae_temple_great_sept
Lair:1:   layout_misc_corridors, nicolae_lair_grove_arrangements,
          wad_woods_road_05, infiniplex_staircase_pool
Orc:1:    cheibrodos_orc_arena, layout_caves, abandoned_shop,
          lemuel_statue_altar
Orc:2:    st_orc_town, layout_diamond_mine

Skill      XL: |  1  2  3  4  5  6  7  8  9 10 11 12 13 |
---------------+----------------------------------------+-----
Unarmed Combat | 1 2 3 4 5 6 7 |  7.6
Stealth        | 2 3 4 |  4.7
Fighting       | 2 3 4 5 |  5.2
Dodging        | 3 4 5 |  5.9
Evocations     | 4 |  4.7
Conjurations   | 1 2 4 5 |  5.9
Hexes          | 1 2 4 5 |  5.5
Transmutations | 2 4 6 10 11 | 11.0
Poison Magic   | 3 |  3.0
Spellcasting   | 3 5 6 7 |  7.3
Ice Magic      | 1 |  1.7
Air Magic      | 1 |  1.5
Shields        | 5 8 |  8.3

Action                   |  1- 3 |  4- 6 |  7- 9 | 10-12 | 13-15 || total
-------------------------+-------+-------+-------+-------+-------++-------
Melee: Unarmed           |    50 |    46 |   208 |   287 |    21 ||   612
       Constrict         |    13 |    12 |    52 |    62 |     5 ||   144
       Tentacles         |    14 |    14 |    54 |    55 |     3 ||   140
       Punch             |       |     1 |     8 |    20 |     2 ||    31
Throw: Javelin           |     1 |       |       |     1 |       ||     2
       Dart              |       |       |       |     1 |       ||     1
 Cast: Fulminant Prism   |       |       |    10 |    36 |       ||    46
       Spider Form       |       |       |     1 |     3 |       ||     4
       Blade Hands       |       |       |       |     6 |       ||     6
       Freezing Cloud    |       |       |       |    12 |     1 ||    13
       Statue Form       |       |       |       |     9 |     2 ||    11
 Abil: End Transformatio |       |       |       |     1 |       ||     1
Evoke: Wand              |     1 |    10 |    24 |       |       ||    35
  Use: Scroll            |     1 |       |     5 |    14 |       ||    20
       Potion            |       |       |     5 |    13 |     2 ||    20
 Stab: Sleeping          |     5 |       |    30 |       |       ||    35
Armor: Skin              |     5 |     1 |     3 |   118 |     7 ||   134
Dodge: Dodged            |    27 |    27 |   122 |   229 |    20 ||   425
Block: Buckler           |       |       |       |    63 |    10 ||    73

Table legend: (Time is in decaauts)
 A = Elapsed time spent in this place.
 B = Non-inter-level travel time spent in this place.
 C = Inter-level travel time spent in this place.
 D = Time resting spent in this place.
 E = Time spent auto-exploring this place.
 F = Levels seen in this place.
 G = Mean time per level.
                   A        B        C        D        E       F      G
               +--------+--------+--------+--------+--------+-----+--------+
         Total |   9057 |   7701 |   1356 |     76 |   2369 |  17 |  532.8 |
       Dungeon |   8169 |   6888 |   1281 |     76 |   2369 |  13 |  628.4 |
        Temple |     47 |     38 |      9 |      0 |      0 |   1 |   47.0 |
          Lair |      8 |      8 |      0 |      0 |      0 |   1 |    8.0 |
  Orcish Mines |    832 |    767 |     65 |      0 |      0 |   2 |  416.0 |
               +--------+--------+--------+--------+--------+-----+--------+

Top non-repeatable levels by time:
     D:7: 985 daAuts
     D:2: 964 daAuts
     D:5: 904 daAuts
     D:4: 800 daAuts
    D:12: 678 daAuts
     D:8: 668 daAuts
     D:3: 657 daAuts
   Orc:2: 642 daAuts
     D:1: 614 daAuts
     D:6: 555 daAuts
    D:10: 465 daAuts
    D:11: 385 daAuts
     D:9: 373 daAuts
   Orc:1: 190 daAuts
    D:13: 115 daAuts
